 Dungeon Crawl Stone Soup version 0.29.1-13-g9f3cf754e1 (webtiles) character file.

Game seed: 7315032403145840074

13 Vulpanium the Chiller (level 2, -2/15 HPs)
             Began as a Tengu Ice Elementalist on Jan 22, 2023.
             Slain by a goblin
             ... wielding a +0 club
              (3 damage)
             ... on level 1 of the Dungeon.
             The game lasted 00:02:58 (717 turns).

Vulpanium the Chiller (Tengu Ice Elementalist)       Turns: 717, Time: 00:02:58

Health: -2/15      AC:  2    Str:  8    XL:     2   Next: 37%
Magic:  6/6        EV: 12    Int: 15    God:
Gold:   15         SH:  0    Dex: 14    Spells: 4/5 levels left

rFire   . . .      SeeInvis .   d - +0 dagger
rCold   . . .      Faith    .   (no shield)
rNeg    . . .      Spirit   .   a - +0 robe
rPois   .          Reflect  .   (helmet restricted)
rElec   .          Harm     .   (no cloak)
rCorr   .          Rampage  .   (no gloves)
Will    .....                   (boots unavailable)
Stlth   ++........              (no amulet)
HPRegen 0.05/turn               (no ring)
MPRegen 0.10/turn               (no ring)

@: no status effects
A: beak, talons 3
a: no special abilities


You were on level 1 of the Dungeon.
You visited 1 branch of the dungeon, and saw 1 of its levels.

You collected 15 gold pieces.

Inventory:

Hand Weapons
 d - a +0 dagger (weapon)
Armour
 a - a +0 robe (worn)
Scrolls
 c - 3 scrolls of magic mapping {unknown}
Potions
 b - a potion of magic
 e - a potion of curing {unknown}


   Skills:
 + Level 2.2 Dodging
 + Level 2.0 Stealth
 - Level 0.4 Unarmed Combat
 + Level 2.0 Spellcasting
 + Level 4.0 Ice Magic


You had 4 spell levels left.
You knew the following spells:

 Your Spells              Type           Power      Damage    Failure   Level
a - Freeze                Ice            52%        1d7       4%          1

Your spell library contained the following spells:

 Spells                   Type           Power      Damage    Failure   Level
 Frozen Ramparts          Ice            26%        1d4       13%         3
 Ozocubu's Armour         Ice            13%        N/A       13%         3
 Hailstorm                Conj/Ice       7%         3d4       67%         4


Dungeon Overview and Level Annotations

Branches:
Dungeon (1/15)

Altars:


Innate Abilities, Weirdness & Mutations

You have a beak for a mouth.
You have claws for feet.


Message History

The bat hits you but does no damage. x2
The bat hits you but does no damage. The bat closely misses you.
The bat hits you but does no damage. The bat closely misses you.
The bat hits you. The bat hits you but does no damage.
The bat hits you but does no damage. The bat hits you but does no damage.
The bat hits you. The bat closely misses you. The bat barely misses you.
The bat misses you.
A goblin comes into view. It is wielding a +0 club.
The bat hits you but does no damage. The bat barely misses you.
The bat closely misses you. The bat hits you. The bat hits you.
The bat hits you but does no damage. The bat barely misses you.
The bat closely misses you. The bat barely misses you.
The bat barely misses you. The bat hits you but does no damage.
The bat barely misses you. The bat hits you but does no damage.
The bat closely misses you. The bat hits you. The bat closely misses you.
The bat barely misses you. The bat misses you. The bat misses you.
The bat hits you but does no damage.
The goblin shouts!
The bat hits you but does no damage. The goblin hits you with a +0 club.
* * * LOW HITPOINT WARNING * * *
The bat closely misses you. The goblin hits you but does no damage.
The goblin hits you with a +0 club.
* * * LOW HITPOINT WARNING * * *
The bat hits you.
* * * LOW HITPOINT WARNING * * *
The goblin hits you with a +0 club.
You die...

..................#####
....#.#..#.#..#....###
....#.#..#.#..#......# #
... #.#..#.#..#....#.# #
... #.#..#.#..#....#.###
.#..#.#..#.#............
......b..#.##.#....#.###
......g.................
#.....@...........#.###
#..#.#.##.##.##...#.# #
.....##.##.##...#.# #
.....#.##.##.##...#.###
...........(............
..... .............#.###
#.#.#.#..#.##.##.#.#.# #
#. .#..#.##.##.#.#.###
.............#....


You could see a goblin and a bat.

Vanquished Creatures
  2 endoplasms (D:1)
  3 goblins (D:1)
  A hobgoblin (D:1)
  A quokka (D:1)
  2 ball pythons (D:1)
  3 kobolds (D:1)
12 creatures vanquished.

Notes
Turn   | Place    | Note
-------+----------+-------------------------------------------
     0 | D:1      | Vulpanium the Tengu Ice Elementalist began the quest for
                  | the Orb.
     0 | D:1      | Reached XP level 1. HP: 10/10 MP: 4/4
   364 | D:1      | Reached XP level 2. HP: 15/15 MP: 4/6
   445 | D:1      | Reached skill level 4 in Ice Magic
   717 | D:1      | Slain by a goblin

Illustrated notes

Levels and vault maps discovered:
D:1:      amcnicky_arrival_feature_with_door, layout_basic, serial_shops,
          nicolae_shop_competitors_out_of_business,
          dreamdust_ecumenical_altar_angels_and_demons, moated_statue

Skill      XL: |  1  2 |
---------------+-------+-----
Ice Magic      | 4 |  4.0
Dodging        | |  2.2
Stealth        | |  2.0
Unarmed Combat | |  0.4
Spellcasting   | |  2.0

Action                   || total
-------------------------++-------
Melee: Unarmed           ||     5
       Kick              ||     1
       Peck              ||     1
       Dagger            ||     4
 Cast: Freeze            ||    12
 Stab: Sleeping          ||     2
Armor: Robe              ||    20
Dodge: Dodged            ||    36
